 Dungeon Crawl Stone Soup version 0.29.1-12-g30fa7ad0bf (webtiles) character file.

Game seed: 520771734537454012

273 DildoBatman the Conjurer (level 6, -1/45 (46) HPs)
             Began as a Formicid Conjurer on Jan 13, 2023.
             Was an Initiate of Kikubaaqudgha.
             Slain by a gnoll sergeant
             ... wielding a +2 spear of distortion
              (14 damage)
             ... on level 5 of the Dungeon.
             The game lasted 00:13:09 (3277 turns).

DildoBatman the Conjurer (Formicid Conjurer)        Turns: 3277, Time: 00:13:10

HP:   -1/45 (46)    AC:  2    Str: 11    XL:     6   Next: 48%
MP:   2/11          EV: 12    Int: 26    God:    Kikubaaqudgha [......]
Gold: 220           SH:  0    Dex: 12    Spells: 6/12 levels left

rFire   . . .      SeeInvis +   a - +2 hand axe (elec)
rCold   . . .      Faith    .   (no shield)
rNeg    . . .      Spirit   .   l - +0 robe
rPois   .          Reflect  .   (helmet unavailable)
rElec   .          Harm     .   (no cloak)
rCorr   .          Rampage  .   (no gloves)
Will    .....                   (no boots)
Stlth   ++........              (no amulet)
HPRegen 0.15/turn               g - +6 ring of intelligence
MPRegen 0.12/turn               (no ring)

@: lightly drained
A: permanent stasis, dig shafts and tunnels, antennae 3, four strong arms
a: Dig, Shaft Self, Renounce Religion


You were on level 5 of the Dungeon.
You worshipped Kikubaaqudgha.
Kikubaaqudgha was noncommittal.
You visited 2 branches of the dungeon, and saw 6 of its levels.

You collected 220 gold pieces.

Inventory:

Hand Weapons
 a - a +2 hand axe of electrocution (weapon)
 b - a +0 sling
Missiles
 c - a boomerang
 f - 29 stones
 k - 7 atropa-tipped darts
 x - 2 poisoned darts
Armour
 l - a +0 robe (worn)
Magical Staves
 p - a staff of fire
 w - a staff of death
Jewellery
 g - a +6 ring of intelligence (left hand)
Wands
 s - a wand of iceblast (9)
Scrolls
 m - a scroll of silence {unknown}
 q - a scroll of enchant armour
 r - a scroll of vulnerability {unknown}
 z - 4 scrolls of identify
Potions
 d - 3 potions of might
 e - a potion of flight {unknown}
 h - a potion of heal wounds {unknown}
 i - a potion of magic
 j - a potion of attraction {unknown}
 o - 2 potions of brilliance {unknown}
 u - a potion of curing {unknown}
 A - a potion of resistance {unknown}
 B - a potion of lignification {unknown}
 C - a potion of haste {unknown}


   Skills:
 * Level 2.7 Fighting
 * Level 2.8 Armour
 - Level 2.0 Dodging
 - Level 2.4 Stealth
 * Level 3.5 Spellcasting
 * Level 4.4 Conjurations
 * Level 0.6 Air Magic
 * Level 1.3 Poison Magic


You had 6 spell levels left.
You knew the following spells:

 Your Spells              Type           Power      Damage    Failure   Level
a - Searing Ray           Conj           54%        2d6       2%          2
c - Magic Dart            Conj           100%       1d8       1%          1
e - Mephitic Cloud        Conj/Pois/Air  15%        N/A       11%         3

Your spell library contained the following spells:

 Spells                   Type           Power      Damage    Failure   Level
 Dazzling Flash           Conj/Hex       32%        N/A       11%         3
 Call Imp                 Summ           4%         N/A       14%         2
 Confusing Touch          Hex            4%         N/A       26%         3
 Fulminant Prism          Conj/Hex       8%         3d7       34%         4
 Iskenderun's Mystic Bla  Conj/Tloc      16%        2d5       34%         4
 Yara's Violent Unravell  Hex/Tmut       2%         3d3       94%         5
 Enfeeble                 Hex            2%         N/A       100%        7


Dungeon Overview and Level Annotations

Branches:
Dungeon (5/15)             Temple (1/1) D:5

Altars:
Ashenzari
Cheibriados
Dithmenos
Elyvilon
Fedhas
Gozag
Hepliaklqana
Kikubaaqudgha
Makhleb
Qazlal
Ru
Sif Muna
Uskayaw
Vehumet
Wu Jian
Xom
Yredelemnul
Zin
The Shining One

Annotations:
D:2 Natasha, Terence
D:4 Dowan, Duvessa, Edmund


Innate Abilities, Weirdness & Mutations

You cannot be hasted, slowed, berserked, paralysed or teleported.
You can dig through walls and to a lower floor.
You have a pair of large antennae on your head. (SInv)
Your four strong arms can wield two-handed weapons with a shield.


Message History

The gnoll barely misses you.
The searing ray misses the gnoll sergeant.
The gnoll completely misses you.
You extend your mandibles.
You dig through the rock wall.
You feel drained.
Casting: Searing Ray (safe; 2% risk of failure)
Confirm with . or Enter, or press ? or * to list all spells.
Aiming: Searing Ray (safe; 2% risk of failure)
Press: ? - help, Shift-Dir - straight line, f/p - gnoll sergeant
Aim: a gnoll sergeant, wielding a +2 spear of distortion and wearing a +0 ring mail (moderately wounded, 85% to hit)
The searing ray hits the gnoll sergeant.
The gnoll sergeant is heavily wounded.
The searing ray hits the gnoll!
You kill the gnoll!
Kikubaaqudgha accepts your kill. (Press . to maintain the ray.)
The gnoll sergeant hits you from afar with a +2 spear of distortion.
The searing ray hits the gnoll sergeant.
The gnoll sergeant is severely wounded.
The searing ray hits the gnoll.
The gnoll is heavily wounded.
The gnoll sergeant hits you from afar with a +2 spear of distortion!
Okay, then.
Casting: Searing Ray (safe; 2% risk of failure)
Confirm with . or Enter, or press ? or * to list all spells.
Aiming: Mephitic Cloud (dangerous; 11% risk of failure)
Press: ? - help, Shift-Dir - straight line, f/p - gnoll sergeant
Aim: a gnoll sergeant, wielding a +2 spear of distortion and wearing a +0 ring mail (severely wounded, chance to affect: 81%)
The ball explodes into a vile cloud!
The stinking cloud engulfs the gnoll sergeant but does no damage.
The gnoll sergeant is severely wounded.
The stinking cloud engulfs the gnoll but does no damage.
The gnoll is heavily wounded.
You hear a shout!
The gnoll sergeant is engulfed in noxious fumes.
The gnoll sergeant hits you from afar with a +2 spear of distortion.
Space warps horribly around you!
You die...
Kikubaaqudgha rasps: "You have failed me!
Welcome... death!"

. ##. ######
#.. #@.gg####
#.#
####☼.gg#####.#
####....##.#
#...!...####
#..........#
#......##g..
#.......###.
#.......# ##
#####....###


You could see a gnoll sergeant and 3 gnolls.

Vanquished Creatures
  A scorpion (D:4)
  3 iguanas (D:4)
  An orc wizard (D:4)
  A hound zombie (D:2)
  An adder (D:4)
  A gnoll (D:5)
  3 worms
  2 dart slugs
  11 orcs
  A bat zombie (D:2)
  3 endoplasms
  2 giant cockroaches
  4 goblins
  3 hobgoblins
  A jackal (D:3)
  5 kobolds
  6 ball pythons
  4 bats (D:1)
  A frilled lizard (D:3)
  A jackal skeleton (D:2)
  5 rats
60 creatures vanquished.

Vanquished Creatures (others)
  A withered plant (D:2)
1 creature vanquished.

Grand Total: 61 creatures vanquished

Notes
Turn   | Place    | Note
-------+----------+-------------------------------------------
     0 | D:1      | DildoBatman the Formicid Conjurer began the quest for the
                  | Orb.
     0 | D:1      | Reached XP level 1. HP: 13/13 MP: 3/3
     5 | D:1      | Found a faded altar of an unknown god.
   176 | D:1      | Reached XP level 2. HP: 20/20 MP: 3/5
   179 | D:1      | Learned a level 2 spell: Searing Ray
   473 | D:1      | Reached skill level 1 in Armour
   880 | D:2      | Reached skill level 1 in Fighting
   880 | D:2      | Reached XP level 3. HP: 26/26 MP: 4/6
   897 | D:2      | Noticed Terence
  1151 | D:3      | Reached XP level 4. HP: 26/32 MP: 8/8
  1237 | D:3      | Reached skill level 4 in Conjurations
  1262 | D:3      | Noticed Natasha
  1298 | D:2      | You fall into a shaft and drop 2 floors!
  1507 | D:4      | Noticed a scorpion
  1513 | D:4      | Found a shadowy altar of Dithmenos.
  2283 | D:4      | Reached XP level 5. HP: 16/38 MP: 1/9
  2466 | D:4      | Noticed Duvessa
  2491 | D:4      | Learned a level 3 spell: Mephitic Cloud
  2523 | D:4      | Noticed Edmund
  2580 | D:4      | Reached XP level 6. HP: 46/46 MP: 5/11
  2742 | D:4      | Found a glowing silver altar of Zin.
  3034 | D:4      | Noticed Dowan
  3084 | D:5      | Entered Level 5 of the Dungeon
  3096 | D:5      | Reached skill level 1 in Poison Magic
  3189 | D:5      | Found a staircase to the Ecumenical Temple.
  3202 | Temple   | Entered the Ecumenical Temple
  3202 | Temple   | Found a transporter.
  3202 | Temple   | Found a transporter.
  3204 | Temple   | Found a transporter.
  3204 | Temple   | Found a transporter.
  3233 | Temple   | Became a worshipper of Kikubaaqudgha
  3277 | D:5      | Slain by a gnoll sergeant

Illustrated notes

Levels and vault maps discovered:
D:1:      dreamdust_arrival_sigmund_warning, layout_loops_cross,
          basic_ecumenical_altar
D:2:      layout_basic, serial_undead, serial_undead_a, serial_undead_a,
          serial_undead_b, serial_undead_c, serial_undead_a, serial_undead_d,
          uniq_terence
D:3:      layout_rooms, kennysheep_small_spiral, kennysheep_generic_room_11,
          uniq_natasha
D:4:      layout_loops_ring, zin_statuary, grunt_dithmenos_smoke_and_mirrors,
          uniq_duvessa, uniq_edmund
D:5:      layout_cave_pods, minmay_temple_entry_stoned_glass, serial_park,
          serial_park_square2, serial_park_square2
Temple:   hellmonk_temple_divided_pantheon

Skill      XL: |  1  2  3  4  5  6 |
---------------+-------------------+-----
Dodging        | 2 |  2.0
Armour         | 1 2 |  2.8
Fighting       | 1 2 |  2.7
Conjurations   | 4 |  4.4
Spellcasting   | 3 |  3.5
Poison Magic   | 1 |  1.3
Stealth        | |  2.4
Air Magic      | |  0.6

Action                   |  1- 3 |  4- 6 || total
-------------------------+-------+-------++-------
Melee: Unarmed           |     3 |       ||     3
       Club              |     2 |       ||     2
       Hand axe          |     6 |     7 ||    13
 Fire: Sling             |    26 |    28 ||    54
 Cast: Magic Dart        |    30 |    15 ||    45
       Searing Ray       |     3 |    13 ||    16
       Mephitic Cloud    |       |     1 ||     1
 Abil: Shaft Self        |       |     1 ||     1
       Dig               |       |     1 ||     1
  Use: Scroll            |       |     2 ||     2
Armor: Robe              |    16 |     2 ||    18
Dodge: Dodged            |    34 |    21 ||    55
